Panthers vs Jets

Created - 5 février 2021 at 08:40

Goals
1 2 3 T
Panthers 0 3 0 3
Jets 0 1 0 1
Shots
1 2 3 T
Panthers 15 11 12 38
Jets 15 8 4 27

1st period

No Goal

Penalties :
Wayne Simmonds (WIN) for Hooking (Minor) at 19:29

2nd period

1. Jets , James van Riemsdyk 9 (Nathan MacKinnon 22, Zach Aston-Reese 5) at 7:18
2. Panthers , Tyson Barrie 3 (Mats Zuccarello 14, Taylor Hall 21) at 8:55
3. Panthers , Nikita Gusev 19 (Taylor Hall 22, Vincent Trocheck 13) at 12:32
4. Panthers , Josh Archibald 4 (Travis Zajac 11, Marcus Foligno 6) at 19:40

Penalties :
No Penalty

3rd period

No Goal

Penalties :
No Penalty

Goalie Stats

Pekka Rinne (FLA), 26 saves from 27 shots - (0,963), W, 15-9-6, 60:00 minutes
Mackenzie Blackwood (WIN), 35 saves from 38 shots - (0,921), L, 11-12-1, 60:00 minutes

Players Stats for Panthers

Player Name              G  A  P  +/- PIM S  H  SB GA TA FO     MP     PP MP  PK MP  
------------------------------------------------------------------------------------
Aleksi Saarela           0  0  0   0  0   0  0  0  0  0  0/0     0:29   0:00   0:00 
Garnet Hathaway          0  0  0   0  0   1  1  0  1  0  1/6    15:19   0:00   0:00 
Greg Pateryn             0  0  0   1  0   0  0  0  1  0  0/0    19:14   0:33   0:00 
Jacob de La Rose         0  0  0   0  0   1  1  0  0  1  0/0     6:28   0:00   0:00 
Jamie Oleksiak           0  0  0   1  0   0  2  1  0  3  0/0    19:14   0:33   0:00 
Jonas Siegenthaler       0  0  0   1  0   1  1  3  0  2  0/0    15:23   0:00   0:00 
Josh Archibald           1  0  1   0  0   6  1  0  0  1  0/0    15:39   0:00   0:00 
Josh Norris              0  0  0   0  0   0  0  0  0  0  0/0     2:10   0:00   0:00 
Libor Hajek              0  0  0  -1  0   0  0  0  0  0  0/0     4:24   0:00   0:00 
Marcus Foligno           0  1  1   1  0   1  1  1  1  0  0/1    18:55   0:47   0:00 
Mats Zuccarello          0  1  1   1  0   3  2  0  0  0  2/2    18:58   1:12   0:00 
Matt Moulson             0  0  0   0  0   2  2  0  0  0  0/1    15:10   0:00   0:00 
Nathan Beaulieu          0  0  0   1  0   2  1  2  0  1  0/0    21:01   1:26   0:00 
Nikita Gusev             1  0  1   1  0   5  0  0  2  0  1/1    18:55   0:47   0:00 
Rocco Grimaldi           0  0  0   0  0   0  0  0  0  0  0/2     6:28   0:00   0:00 
Taylor Hall              0  2  2   1  0   3  4  0  1  0  7/27   23:36   1:12   0:00 
Travis Zajac             0  1  1   1  0   6  2  0  1  0  7/11   18:55   0:47   0:00 
Trevor Daley             0  0  0   1  0   1  0  3  0  0  0/0    15:21   0:00   0:00 
Tyson Barrie             1  0  1   0  0   2  3  1  0  0  0/0    25:23   1:26   0:00 
Vincent Trocheck         0  1  1   1  0   4  1  0  0  2  2/2    18:58   1:12   0:00 

Players Stats for Jets

Player Name              G  A  P  +/- PIM S  H  SB GA TA FO     MP     PP MP  PK MP  
------------------------------------------------------------------------------------
Andreas Athanasiou       0  0  0   0  0   1  4  0  0  1  0/1    14:55   0:00   0:00 
Brett Pesce              0  0  0   0  0   2  3  2  0  1  0/0    21:56   0:00   1:36 
Colton Sissons           0  0  0  -2  0   2  1  1  0  0  3/7    15:42   0:00   1:27 
Erik Gudbranson          0  0  0  -1  0   0  3  2  0  0  0/0    21:02   0:00   1:36 
Filip Chytil             0  0  0   1  0   2  1  0  0  2  0/0    19:25   0:00   0:00 
James van Riemsdyk       1  0  1   1  0   5  4  2  0  0  1/1    19:39   0:00   0:05 
Janne Kuokkanen          0  0  0  -2  0   2  1  1  1  0  0/0    14:11   0:00   0:00 
Jonathan Ericsson        0  0  0  -1  0   2  2  0  1  0  0/0    18:38   0:00   0:23 
Josh Manson              0  0  0  -1  0   0  2  0  0  0  0/0    19:58   0:00   0:23 
Josh Morrissey           0  0  0   0  0   0  0  0  0  0  0/0    20:20   0:00   0:00 
Kyle Turris              0  0  0   0  0   0  1  1  3  1  3/7    15:22   0:00   0:27 
Mark Pysyk               0  0  0  -1  0   1  0  0  1  0  0/0    18:06   0:00   0:00 
Nathan MacKinnon         0  1  1   1  0   2  1  2  1  1  20/28  19:37   0:00   0:05 
Troy Brouwer             0  0  0  -1  0   0  0  0  0  0  0/0     9:44   0:00   0:27 
Victor Olofsson          0  0  0   0  0   1  2  0  0  0  3/3    14:55   0:00   0:00 
Wayne Simmonds           0  0  0  -2  2   3  6  0  2  1  0/0    14:03   0:00   0:00 
William Carrier          0  0  0  -1  0   2  0  0  0  0  0/0     9:17   0:00   0:00 
Zach Aston-Reese         0  1  1  -1  0   2  1  0  1  0  3/6    11:10   0:00   1:27 

3 Stars

1 - Taylor Hall (FLA)
2 - Pekka Rinne (FLA)
3 - James van Riemsdyk (WIN)

Power Play

Panthers - 0 on 1 Attempt(s) - 0,00%
Jets - 0 on 0 Attempt(s) - 0,00%

Penalty Kill

Panthers - 0 on 0 Attempt(s) - 0,00% - Score 0 goal in Penalty Kill
Jets - 1 on 1 Attempt(s) - 100,00% - Score 0 goal in Penalty Kill

Team Stat

Panthers - Hits : 22 - Faceoff Wins : 20 - Blocked Shots : 11 - Penalty Minutes : 0
Jets - Hits : 32 - Faceoff Wins : 33 - Blocked Shots : 11 - Penalty Minutes : 2

Official

Referees : Dean Morton and Michael Markovic
Linesman : Ryan Daisy and Brent Colby

Game Notes

No Game Note

Finance

Level 1 -- Attendance: 6000 (100,00%) -- Ticket Income 570 000 $
Level 2 -- Attendance: 4956 (99,12%) -- Ticket Income 297 360 $
Level 3 -- Attendance: 1289 (64,45%) -- Ticket Income 58 005 $
Level 4 -- Attendance: 2585 (64,63%) -- Ticket Income 69 795 $
Luxury Box -- Attendance: 725 (72,50%) -- Ticket Income 152 250 $
Game was played at the No Name Arena.
Total Attendance: 15555 (86,42%)
Total Ticket Income: 1 147 410 $
Other Income: 562 231 $
Total Income: 1 709 641 $

Panthers

5 vs 5 Forward 
   Center                   Left Wing                Right Wing               Time % Phy DF OF 
 1 Taylor Hall              Vincent Trocheck         Mats Zuccarello          40     1   2  2  
 2 Travis Zajac             Marcus Foligno           Nikita Gusev             30     1   2  2  
 3 Garnet Hathaway          Josh Archibald           Matt Moulson             20     1   2  2  
 4 Rocco Grimaldi           Jacob de La Rose         Taylor Hall              10     1   2  2  

5 vs 5 Defense 
   Defense                  Defense                                           Time % Phy DF OF 
 1 Tyson Barrie             Nathan Beaulieu                                   40     1   2  2  
 2 Jamie Oleksiak           Greg Pateryn                                      30     1   2  2  
 3 Jonas Siegenthaler       Trevor Daley                                      20     1   2  2  
 4 Libor Hajek              Tyson Barrie                                      10     1   2  2  

PowerPlay Forward 
   Center                   Left Wing                Right Wing               Time % Phy DF OF 
 1 Taylor Hall              Vincent Trocheck         Mats Zuccarello          60     1   2  2  
 2 Travis Zajac             Marcus Foligno           Nikita Gusev             40     1   2  2  

PowerPlay Defense
   Defense                  Defense                                           Time % Phy DF OF 
 1 Tyson Barrie             Nathan Beaulieu                                   60     1   2  2  
 2 Jamie Oleksiak           Greg Pateryn                                      40     1   2  2  

Penalty Kill 4 Players Forward 
   Center                   Wing                     Time % Phy DF OF 
 1 Taylor Hall              Travis Zajac             60     1   2  2  
 2 Vincent Trocheck         Mats Zuccarello          40     1   2  2  

Penalty Kill 4 Players Defense
   Defense                  Defense                  Time % Phy DF OF 
 1 Tyson Barrie             Nathan Beaulieu          60     1   2  2  
 2 Jamie Oleksiak           Greg Pateryn             40     1   2  2  

Penalty Kill - 3 Players Forward 
   Forward                                           Time % Phy DF OF 
 1 Taylor Hall                                       60     1   2  2  
 2 Travis Zajac                                      40     1   2  2  

Penalty Kill - 3 Players Defense
   Defense                  Defense                  Time % Phy DF OF 
 1 Tyson Barrie             Nathan Beaulieu          60     1   2  2  
 2 Jamie Oleksiak           Greg Pateryn             40     1   2  2  

4 vs 4 Forward 
   Center                   Wing                     Time % Phy DF OF 
 1 Taylor Hall              Travis Zajac             60     1   2  2  
 2 Vincent Trocheck         Mats Zuccarello          40     1   2  2  

4 vs 4 Defense
   Defense                  Defense                  Time % Phy DF OF 
 1 Tyson Barrie             Nathan Beaulieu          60     1   2  2  
 2 Jamie Oleksiak           Greg Pateryn             40     1   2  2  

Last Minutes Offensive
   Center                   Left Wing                Right Wing               Defense                  Defense                  
   Taylor Hall              Vincent Trocheck         Mats Zuccarello          Tyson Barrie             Nathan Beaulieu          

Last Minutes Defensive
   Center                   Left Wing                Right Wing               Defense                  Defense                  
   Taylor Hall              Vincent Trocheck         Mats Zuccarello          Tyson Barrie             Nathan Beaulieu          

Goaltenders
Starting : Pekka Rinne              
Backup : Marcus Hogberg           

Extra Forwards
Normal : Josh Norris, Aleksi Saarela, Josh Archibald - PP : Josh Norris, Aleksi Saarela - PK : Josh Archibald
Extra Defensemen
Normal : Jonas Siegenthaler, Trevor Daley, Libor Hajek - PP : Jonas Siegenthaler - PK : Trevor Daley, Libor Hajek
Penalty Shots
Taylor Hall, Travis Zajac, Vincent Trocheck, Mats Zuccarello, Marcus Foligno
Custom OT Lines Forwards
Taylor Hall, Travis Zajac, Vincent Trocheck, Mats Zuccarello, Marcus Foligno, Nikita Gusev, Josh Archibald, Matt Moulson, Garnet Hathaway, Rocco Grimaldi
Custom OT Lines Defensemen
Tyson Barrie, Nathan Beaulieu, Jamie Oleksiak, Greg Pateryn, Jonas Siegenthaler

Scratches
Patrik Nemeth (Exhaustion), Antti Raanta (Concussion Injury), Aaron Dell (Healthy)

Jets

5 vs 5 Forward 
   Center                   Left Wing                Right Wing               Time % Phy DF OF 
 1 Nathan MacKinnon         James van Riemsdyk       Filip Chytil             40     1   2  2  
 2 Kyle Turris              Andreas Athanasiou       Victor Olofsson          27     1   2  2  
 3 Colton Sissons           Wayne Simmonds           Janne Kuokkanen          23     2   2  1  
 4 Zach Aston-Reese         William Carrier          Troy Brouwer             10     2   2  1  

5 vs 5 Defense 
   Defense                  Defense                                           Time % Phy DF OF 
 1 Josh Morrissey           Brett Pesce                                       34     1   2  2  
 2 Josh Manson              Erik Gudbranson                                   34     1   2  2  
 3 Jonathan Ericsson        Mark Pysyk                                        30     1   2  2  
 4 Josh Morrissey           Brett Pesce                                       2      1   2  2  

PowerPlay Forward 
   Center                   Left Wing                Right Wing               Time % Phy DF OF 
 1 Nathan MacKinnon         James van Riemsdyk       Victor Olofsson          60     1   2  2  
 2 Kyle Turris              Andreas Athanasiou       Colton Sissons           40     1   2  2  

PowerPlay Defense
   Defense                  Defense                                           Time % Phy DF OF 
 1 Josh Morrissey           Jonathan Ericsson                                 60     1   2  2  
 2 Janne Kuokkanen          Mark Pysyk                                        40     1   2  2  

Penalty Kill 4 Players Forward 
   Center                   Wing                     Time % Phy DF OF 
 1 Colton Sissons           Zach Aston-Reese         60     1   2  2  
 2 Kyle Turris              Troy Brouwer             40     1   2  2  

Penalty Kill 4 Players Defense
   Defense                  Defense                  Time % Phy DF OF 
 1 Brett Pesce              Erik Gudbranson          60     1   2  2  
 2 Josh Manson              Jonathan Ericsson        40     1   2  2  

Penalty Kill - 3 Players Forward 
   Forward                                           Time % Phy DF OF 
 1 Zach Aston-Reese                                  60     1   2  2  
 2 Colton Sissons                                    40     1   2  2  

Penalty Kill - 3 Players Defense
   Defense                  Defense                  Time % Phy DF OF 
 1 Brett Pesce              Erik Gudbranson          60     1   2  2  
 2 Josh Manson              Jonathan Ericsson        40     1   2  2  

4 vs 4 Forward 
   Center                   Wing                     Time % Phy DF OF 
 1 Nathan MacKinnon         Victor Olofsson          60     1   2  2  
 2 Zach Aston-Reese         Troy Brouwer             40     1   2  2  

4 vs 4 Defense
   Defense                  Defense                  Time % Phy DF OF 
 1 Jonathan Ericsson        Josh Manson              60     1   2  2  
 2 Josh Morrissey           Mark Pysyk               40     1   2  2  

Last Minutes Offensive
   Center                   Left Wing                Right Wing               Defense                  Defense                  
   Nathan MacKinnon         Janne Kuokkanen          Victor Olofsson          Josh Morrissey           Josh Manson              

Last Minutes Defensive
   Center                   Left Wing                Right Wing               Defense                  Defense                  
   Colton Sissons           Zach Aston-Reese         Troy Brouwer             Brett Pesce              Josh Manson              

Goaltenders
Starting : Mackenzie Blackwood      
Backup : Jonathan Bernier         

Extra Forwards
Normal : Zach Aston-Reese, Filip Chytil, Janne Kuokkanen - PP : Zach Aston-Reese, Filip Chytil - PK : Nathan MacKinnon
Extra Defensemen
Normal : Jonathan Ericsson, Brett Pesce, Mark Pysyk - PP : Erik Gudbranson - PK : Josh Morrissey, Mark Pysyk
Penalty Shots
Nathan MacKinnon, Victor Olofsson, Filip Chytil, Wayne Simmonds, Colton Sissons
Custom OT Lines Forwards
James van Riemsdyk, Victor Olofsson, Kyle Turris, Wayne Simmonds, Colton Sissons, Nathan MacKinnon, Zach Aston-Reese, Filip Chytil, Janne Kuokkanen, William Carrier
Custom OT Lines Defensemen
Brett Pesce, Josh Manson, Josh Morrissey, Mark Pysyk, Jonathan Ericsson

Scratches
Mike Sgarbossa (Healthy), Nate Prosser (Healthy), Dakota Mermis (Healthy)

% Time on Ice - Panthers

Lines # - Real PCT - Wanted PCT - Time Play
Normal Forward
1 - 32% - 40% - 18:24
2 - 31% - 30% - 18:08
3 - 26% - 20% - 15:10
4 - 11% - 10% - 6:19
Normal Defense
1 - 34% - 40% - 19:35
2 - 32% - 30% - 18:41
3 - 26% - 20% - 15:21
4 - 8% - 10% - 4:24
PP Forward
1 - 61% - 60% - 1:12
2 - 39% - 40% - 0:47
PP Defense
1 - 72% - 60% - 1:26
2 - 28% - 40% - 0:33
PK Forward
1 - 0% - 60%
2 - 0% - 40%
PK Defense
1 - 0% - 60%
2 - 0% - 40%
PK3 Forward
1 - 0% - 60%
2 - 0% - 40%
PK3 Defense
1 - 0% - 60%
2 - 0% - 40%
44 Forward
1 - 0% - 60%
2 - 0% - 40%
44 Defense
1 - 0% - 60%
2 - 0% - 40%
Last Minute Offensive  - 0:00
Last Minute Defensive  - 0:00
Total
Forward - 60:00
Defense - 60:00

% Time on Ice - Jets

Lines # - Real PCT - Wanted PCT - Time Play
Normal Forward
1 - 34% - 40% - 19:54
2 - 26% - 27% - 14:55
3 - 24% - 23% - 13:55
4 - 16% - 10% - 9:17
Normal Defense
1 - 34% - 34% - 19:46
2 - 34% - 34% - 19:35
3 - 31% - 30% - 18:06
4 - 1% - 2% - 0:34
PP Forward
1 - 0% - 60%
2 - 0% - 40%
PP Defense
1 - 0% - 60%
2 - 0% - 40%
PK Forward
1 - 77% - 60% - 1:32
2 - 23% - 40% - 0:27
PK Defense
1 - 81% - 60% - 1:36
2 - 19% - 40% - 0:23
PK3 Forward
1 - 0% - 60%
2 - 0% - 40%
PK3 Defense
1 - 0% - 60%
2 - 0% - 40%
44 Forward
1 - 0% - 60%
2 - 0% - 40%
44 Defense
1 - 0% - 60%
2 - 0% - 40%
Last Minute Offensive  - 0:00
Last Minute Defensive  - 0:00
Total
Forward - 60:00
Defense - 60:00

Play-by-Play

1st period


0:01 of 1st period - James van Riemsdyk wins face-off versus Taylor Hall in neutral zone.
0:12 of 1st period - Snap shot by Vincent Trocheck.
0:12 of 1st period - Stopped by Mackenzie Blackwood with a rebound.
0:14 of 1st period - Wrist shot by Mats Zuccarello.
0:14 of 1st period - Shot Misses the Net.
0:16 of 1st period - Snap shot by Mats Zuccarello.
0:16 of 1st period - Shot Misses the Net.
0:26 of 1st period - Nathan Beaulieu is hit by Andreas Athanasiou and loses puck.
0:54 of 1st period - Wrist shot by Josh Archibald.
0:54 of 1st period - Shot Misses the Net.
0:56 of 1st period - Slapshot by Jonas Siegenthaler.
0:56 of 1st period - Stopped by Mackenzie Blackwood with a rebound.
0:58 of 1st period - Wrist shot by Matt Moulson.
0:58 of 1st period - Stopped by Mackenzie Blackwood with a rebound.
2:14 of 1st period - Off-side.
2:15 of 1st period - Zach Aston-Reese wins face-off versus Garnet Hathaway in neutral zone.
2:20 of 1st period - Wrist shot by William Carrier.
2:20 of 1st period - Stopped by Pekka Rinne with a rebound.
2:42 of 1st period - Wrist shot by Nathan MacKinnon.
2:42 of 1st period - Stopped by Pekka Rinne with a rebound.
2:44 of 1st period - Wrist shot by Mark Pysyk.
2:44 of 1st period - Shot Blocked by Marcus Foligno.
3:02 of 1st period - Icing by Greg Pateryn.
3:03 of 1st period - Travis Zajac wins face-off versus Kyle Turris in Panthers zone.
3:03 of 1st period - Travis Zajac is hit by Andreas Athanasiou.
3:10 of 1st period - Icing by Nathan Beaulieu.
3:11 of 1st period - Travis Zajac wins face-off versus Nathan MacKinnon in Panthers zone.
3:11 of 1st period - Travis Zajac is hit by Nathan MacKinnon.
3:23 of 1st period - Wrist shot by Nathan MacKinnon.
3:23 of 1st period - Shot Misses the Net.
3:43 of 1st period - Colton Sissons is hit by Taylor Hall and loses puck.
3:50 of 1st period - Snap shot by Mats Zuccarello.
3:50 of 1st period - Stopped by Mackenzie Blackwood with a rebound.
3:52 of 1st period - Slapshot by Nathan Beaulieu.
3:52 of 1st period - Shot Misses the Net.
3:54 of 1st period - Snap shot by Nathan Beaulieu.
3:54 of 1st period - Stopped by Mackenzie Blackwood with a rebound.
3:56 of 1st period - Snap shot by Tyson Barrie.
3:56 of 1st period - Stopped by Mackenzie Blackwood without a rebound.
3:57 of 1st period - Victor Olofsson wins face-off versus Garnet Hathaway in Jets zone.
4:04 of 1st period - Snap shot by Victor Olofsson.
4:04 of 1st period - Shot Blocked by Jonas Siegenthaler.
4:06 of 1st period - Wrist shot by Andreas Athanasiou.
4:06 of 1st period - Shot Misses the Net.
4:22 of 1st period - Jonas Siegenthaler is hit by James van Riemsdyk and loses puck.
4:29 of 1st period - Snap shot by James van Riemsdyk.
4:29 of 1st period - Stopped by Pekka Rinne with a rebound.
4:31 of 1st period - Snap shot by James van Riemsdyk.
4:31 of 1st period - Stopped by Pekka Rinne with a rebound.
4:33 of 1st period - Slapshot by Josh Manson.
4:33 of 1st period - Shot Blocked by Trevor Daley.
4:35 of 1st period - Snap shot by Josh Manson.
4:35 of 1st period - Shot Blocked by Jonas Siegenthaler.
5:31 of 1st period - Snap shot by Nathan MacKinnon.
5:31 of 1st period - Deflect By Matt Moulson.
5:31 of 1st period - Shot Misses the Net.
5:31 of 1st period - Puck is out of play.
5:32 of 1st period - Nathan MacKinnon wins face-off versus Taylor Hall in Panthers zone.
5:35 of 1st period - Snap shot by Nathan MacKinnon.
5:35 of 1st period - Shot Misses the Net.
6:25 of 1st period - Matt Moulson is hit by Wayne Simmonds and loses puck.
6:33 of 1st period - Off-side.
6:34 of 1st period - Nathan MacKinnon wins face-off versus Rocco Grimaldi in neutral zone.
6:42 of 1st period - Off-side.
6:43 of 1st period - Nathan MacKinnon wins face-off versus Taylor Hall in neutral zone.
7:12 of 1st period - Snap shot by Wayne Simmonds.
7:12 of 1st period - Stopped by Pekka Rinne with a rebound.
7:18 of 1st period - Wrist shot by Travis Zajac.
7:18 of 1st period - Stopped by Mackenzie Blackwood with a rebound.
7:30 of 1st period - Snap shot by Taylor Hall.
7:30 of 1st period - Shot Misses the Net.
8:08 of 1st period - Jonas Siegenthaler is hit by Erik Gudbranson and loses puck.
8:45 of 1st period - Slapshot by Matt Moulson.
8:45 of 1st period - Shot Misses the Net.
8:47 of 1st period - Snap shot by Josh Archibald.
8:47 of 1st period - Stopped by Mackenzie Blackwood without a rebound.
8:48 of 1st period - Kyle Turris wins face-off versus Matt Moulson in Jets zone.
8:57 of 1st period - Backhand shot by Josh Archibald.
8:57 of 1st period - Shot Misses the Net.
8:59 of 1st period - Snap shot by Josh Archibald.
8:59 of 1st period - Shot Misses the Net.
9:01 of 1st period - Slapshot by Libor Hajek.
9:01 of 1st period - Shot Misses the Net.
9:11 of 1st period - Vincent Trocheck is hit by Colton Sissons and loses puck.
10:01 of 1st period - Matt Moulson is hit by Victor Olofsson and loses puck.
10:12 of 1st period - Nathan MacKinnon is hit by Jacob de La Rose and loses puck.
10:35 of 1st period - Snap shot by Nikita Gusev.
10:35 of 1st period - Stopped by Mackenzie Blackwood with a rebound.
10:37 of 1st period - Slapshot by Nikita Gusev.
10:37 of 1st period - Stopped by Mackenzie Blackwood with a rebound.
10:55 of 1st period - Snap shot by Janne Kuokkanen.
10:55 of 1st period - Stopped by Pekka Rinne with a rebound.
11:33 of 1st period - Snap shot by William Carrier.
11:33 of 1st period - Shot Misses the Net.
11:35 of 1st period - Wrist shot by Zach Aston-Reese.
11:35 of 1st period - Stopped by Pekka Rinne without a rebound.
11:36 of 1st period - Travis Zajac wins face-off versus Colton Sissons in Panthers zone.
11:51 of 1st period - Jonas Siegenthaler is hit by Wayne Simmonds and loses puck.
12:20 of 1st period - Snap shot by Josh Archibald.
12:20 of 1st period - Stopped by Mackenzie Blackwood without a rebound.
12:21 of 1st period - Kyle Turris wins face-off versus Garnet Hathaway in Jets zone.
12:30 of 1st period - Wrist shot by Josh Archibald.
12:30 of 1st period - Stopped by Mackenzie Blackwood without a rebound.
12:31 of 1st period - Nathan MacKinnon wins face-off versus Taylor Hall in Jets zone.
13:46 of 1st period - Wrist shot by James van Riemsdyk.
13:46 of 1st period - Stopped by Pekka Rinne without a rebound.
13:47 of 1st period - Nathan MacKinnon wins face-off versus Taylor Hall in Panthers zone.
13:48 of 1st period - Wrist shot by Filip Chytil.
13:48 of 1st period - Stopped by Pekka Rinne with a rebound.
13:50 of 1st period - Slapshot by Jonathan Ericsson.
13:50 of 1st period - Stopped by Pekka Rinne without a rebound.
13:51 of 1st period - Nathan MacKinnon wins face-off versus Taylor Hall in Panthers zone.
13:52 of 1st period - Wrist shot by Filip Chytil.
13:52 of 1st period - Shot Misses the Net.
13:54 of 1st period - Slapshot by Jonathan Ericsson.
13:54 of 1st period - Stopped by Pekka Rinne with a rebound.
13:56 of 1st period - Wrist shot by Filip Chytil.
13:56 of 1st period - Deflect By Jonas Siegenthaler.
13:56 of 1st period - Stopped by Pekka Rinne without a rebound.
13:57 of 1st period - Nathan MacKinnon wins face-off versus Taylor Hall in Panthers zone.
14:00 of 1st period - Snap shot by James van Riemsdyk.
14:00 of 1st period - Shot Misses the Net.
14:02 of 1st period - Snap shot by Mark Pysyk.
14:02 of 1st period - Deflect By Filip Chytil.
14:02 of 1st period - Shot Misses the Net.
14:02 of 1st period - Puck is out of play.
14:03 of 1st period - Nathan MacKinnon wins face-off versus Taylor Hall in Panthers zone.
14:16 of 1st period - Snap shot by James van Riemsdyk.
14:16 of 1st period - Shot Blocked by Nathan Beaulieu.
14:18 of 1st period - Snap shot by Filip Chytil.
14:18 of 1st period - Shot Blocked by Nathan Beaulieu.
14:28 of 1st period - Jonathan Ericsson is hit by Nathan Beaulieu and loses puck.
14:35 of 1st period - Wrist shot by Travis Zajac.
14:35 of 1st period - Stopped by Mackenzie Blackwood with a rebound.
14:59 of 1st period - Slapshot by Josh Archibald.
14:59 of 1st period - Stopped by Mackenzie Blackwood without a rebound.
15:00 of 1st period - Nathan MacKinnon wins face-off versus Taylor Hall in Jets zone.
15:56 of 1st period - Wrist shot by Matt Moulson.
15:56 of 1st period - Shot Blocked by Janne Kuokkanen.
15:58 of 1st period - Wrist shot by Matt Moulson.
15:58 of 1st period - Shot Misses the Net.
16:00 of 1st period - Wrist shot by Matt Moulson.
16:00 of 1st period - Shot Blocked by Colton Sissons.
16:37 of 1st period - Icing by Taylor Hall.
16:38 of 1st period - Mats Zuccarello wins face-off versus Nathan MacKinnon in Panthers zone.
17:46 of 1st period - Snap shot by William Carrier.
17:46 of 1st period - Shot Misses the Net.
17:48 of 1st period - Slapshot by Brett Pesce.
17:48 of 1st period - Stopped by Pekka Rinne without a rebound.
17:49 of 1st period - Zach Aston-Reese wins face-off versus Marcus Foligno in Panthers zone.
17:54 of 1st period - Snap shot by William Carrier.
17:54 of 1st period - Stopped by Pekka Rinne with a rebound.
17:56 of 1st period - Slapshot by Brett Pesce.
17:56 of 1st period - Stopped by Pekka Rinne with a rebound.
17:58 of 1st period - Snap shot by Troy Brouwer.
17:58 of 1st period - Deflect By Zach Aston-Reese.
17:58 of 1st period - Shot Blocked by Jonas Siegenthaler.
17:58 of 1st period - Puck is out of play.
17:59 of 1st period - Nathan MacKinnon wins face-off versus Travis Zajac in Panthers zone.
18:00 of 1st period - Slapshot by James van Riemsdyk.
18:00 of 1st period - Shot Misses the Net.
18:06 of 1st period - Snap shot by Travis Zajac.
18:06 of 1st period - Stopped by Mackenzie Blackwood with a rebound.
18:08 of 1st period - Snap shot by Travis Zajac.
18:08 of 1st period - Shot Blocked by James van Riemsdyk.
18:10 of 1st period - Wrist shot by Nikita Gusev.
18:10 of 1st period - Shot Blocked by Brett Pesce.
19:02 of 1st period - Garnet Hathaway is hit by Zach Aston-Reese.
19:29 of 1st period - Minor Penalty to Wayne Simmonds for Hooking.
19:30 of 1st period - Colton Sissons wins face-off versus Taylor Hall in Jets zone.
Goals for this period are 0 for Panthers vs 0 for Jets.
Shots for this period are 15 for Panthers vs 15 for Jets.

2nd period


0:01 of 2nd period - Taylor Hall wins face-off versus Colton Sissons in neutral zone.
1:29 of 2nd period - Penalty to Wayne Simmonds is over, Wayne Simmonds is back on ice.
2:02 of 2nd period - Jonas Siegenthaler is hit by Jonathan Ericsson and loses puck.
2:44 of 2nd period - Wrist shot by Matt Moulson.
2:44 of 2nd period - Stopped by Mackenzie Blackwood without a rebound.
2:45 of 2nd period - Kyle Turris wins face-off versus Travis Zajac in Jets zone.
3:22 of 2nd period - Snap shot by Nathan MacKinnon.
3:22 of 2nd period - Shot Blocked by Tyson Barrie.
3:24 of 2nd period - Slapshot by Mark Pysyk.
3:24 of 2nd period - Stopped by Pekka Rinne with a rebound.
3:38 of 2nd period - Colton Sissons is hit by Tyson Barrie and loses puck.
4:00 of 2nd period - Off-side.
4:01 of 2nd period - Travis Zajac wins face-off versus Kyle Turris in neutral zone.
4:26 of 2nd period - Josh Archibald is hit by James van Riemsdyk.
4:32 of 2nd period - Wrist shot by Josh Archibald.
4:32 of 2nd period - Shot Blocked by Brett Pesce.
4:34 of 2nd period - Snap shot by Garnet Hathaway.
4:34 of 2nd period - Stopped by Mackenzie Blackwood with a rebound.
4:58 of 2nd period - Snap shot by Wayne Simmonds.
4:58 of 2nd period - Stopped by Pekka Rinne with a rebound.
5:30 of 2nd period - Nathan Beaulieu is hit by Josh Manson and loses puck.
6:51 of 2nd period - Zach Aston-Reese is hit by Tyson Barrie and loses puck.
7:02 of 2nd period - Snap shot by Zach Aston-Reese.
7:02 of 2nd period - Shot Misses the Net.
7:18 of 2nd period - Wrist shot by James van Riemsdyk.
7:18 of 2nd period - Goal by James van Riemsdyk - Panthers : 0 - Jets : 1.
7:19 of 2nd period - Nathan MacKinnon wins face-off versus Taylor Hall in neutral zone.
7:26 of 2nd period - Wrist shot by Taylor Hall.
7:26 of 2nd period - Stopped by Mackenzie Blackwood without a rebound.
7:27 of 2nd period - Nathan MacKinnon wins face-off versus Taylor Hall in Jets zone.
8:00 of 2nd period - Slapshot by Colton Sissons.
8:00 of 2nd period - Shot Misses the Net.
8:08 of 2nd period - Greg Pateryn is hit by Wayne Simmonds and loses puck.
8:27 of 2nd period - Snap shot by Andreas Athanasiou.
8:27 of 2nd period - Shot Misses the Net.
8:41 of 2nd period - Backhand shot by Zach Aston-Reese.
8:41 of 2nd period - Stopped by Pekka Rinne without a rebound.
8:42 of 2nd period - Vincent Trocheck wins face-off versus Zach Aston-Reese in Panthers zone.
8:53 of 2nd period - Slapshot by Mats Zuccarello.
8:53 of 2nd period - Stopped by Mackenzie Blackwood with a rebound.
8:55 of 2nd period - Slapshot by Tyson Barrie.
8:55 of 2nd period - Goal by Tyson Barrie - Panthers : 1 - Jets : 1.
8:56 of 2nd period - Taylor Hall wins face-off versus Nathan MacKinnon in neutral zone.
9:12 of 2nd period - Wrist shot by Mats Zuccarello.
9:12 of 2nd period - Stopped by Mackenzie Blackwood with a rebound.
9:24 of 2nd period - Icing by Nathan MacKinnon.
9:25 of 2nd period - Nathan MacKinnon wins face-off versus Garnet Hathaway in Jets zone.
9:48 of 2nd period - Mark Pysyk is hit by Jamie Oleksiak and loses puck.
10:17 of 2nd period - Nathan MacKinnon is hit by Travis Zajac and loses puck.
10:48 of 2nd period - Janne Kuokkanen is hit by Jonas Siegenthaler and loses puck.
10:57 of 2nd period - Colton Sissons is hit by Garnet Hathaway.
11:08 of 2nd period - Off-side.
11:09 of 2nd period - Taylor Hall wins face-off versus Zach Aston-Reese in neutral zone.
12:01 of 2nd period - Snap shot by Wayne Simmonds.
12:01 of 2nd period - Deflect By Colton Sissons.
12:01 of 2nd period - Stopped by Pekka Rinne without a rebound.
12:02 of 2nd period - Victor Olofsson wins face-off versus Taylor Hall in Panthers zone.
12:11 of 2nd period - Snap shot by Andreas Athanasiou.
12:11 of 2nd period - Shot Misses the Net.
12:32 of 2nd period - Slapshot by Nikita Gusev.
12:32 of 2nd period - Goal by Nikita Gusev - Panthers : 2 - Jets : 1.
12:33 of 2nd period - Taylor Hall wins face-off versus Nathan MacKinnon in neutral zone.
12:58 of 2nd period - Travis Zajac is hit by Andreas Athanasiou and loses puck.
13:07 of 2nd period - Snap shot by Nikita Gusev.
13:07 of 2nd period - Deflect By Marcus Foligno.
13:07 of 2nd period - Shot Blocked by Erik Gudbranson.
13:07 of 2nd period - Puck is out of play.
13:08 of 2nd period - Taylor Hall wins face-off versus Colton Sissons in Jets zone.
13:09 of 2nd period - Slapshot by Vincent Trocheck.
13:09 of 2nd period - Stopped by Mackenzie Blackwood with a rebound.
13:11 of 2nd period - Wrist shot by Vincent Trocheck.
13:11 of 2nd period - Stopped by Mackenzie Blackwood without a rebound.
13:12 of 2nd period - Colton Sissons wins face-off versus Taylor Hall in Jets zone.
13:26 of 2nd period - Snap shot by Vincent Trocheck.
13:26 of 2nd period - Shot Misses the Net.
13:28 of 2nd period - Snap shot by Vincent Trocheck.
13:28 of 2nd period - Stopped by Mackenzie Blackwood with a rebound.
14:12 of 2nd period - Jamie Oleksiak is hit by Brett Pesce and loses puck.
14:23 of 2nd period - Wrist shot by Taylor Hall.
14:23 of 2nd period - Deflect By Zach Aston-Reese.
14:23 of 2nd period - Shot Misses the Net.
14:23 of 2nd period - Puck is out of play.
14:24 of 2nd period - Zach Aston-Reese wins face-off versus Garnet Hathaway in Jets zone.
14:30 of 2nd period - Icing by Mark Pysyk.
14:31 of 2nd period - Vincent Trocheck wins face-off versus Zach Aston-Reese in Jets zone.
15:40 of 2nd period - Wrist shot by Wayne Simmonds.
15:40 of 2nd period - Stopped by Pekka Rinne with a rebound.
16:05 of 2nd period - Tyson Barrie is hit by Brett Pesce and loses puck.
16:09 of 2nd period - Icing by Travis Zajac.
16:10 of 2nd period - Nathan MacKinnon wins face-off versus Travis Zajac in Panthers zone.
17:03 of 2nd period - Victor Olofsson is hit by Taylor Hall and loses puck.
17:12 of 2nd period - Mark Pysyk is hit by Taylor Hall and loses puck.
18:15 of 2nd period - Wrist shot by Victor Olofsson.
18:15 of 2nd period - Stopped by Pekka Rinne with a rebound.
18:36 of 2nd period - Troy Brouwer is hit by Travis Zajac and loses puck.
19:17 of 2nd period - Trevor Daley is hit by Andreas Athanasiou and loses puck.
19:40 of 2nd period - Snap shot by Josh Archibald.
19:40 of 2nd period - Goal by Josh Archibald - Panthers : 3 - Jets : 1.
19:41 of 2nd period - Nathan MacKinnon wins face-off versus Taylor Hall in neutral zone.
19:54 of 2nd period - Snap shot by James van Riemsdyk.
19:54 of 2nd period - Stopped by Pekka Rinne without a rebound.
19:55 of 2nd period - Nathan MacKinnon wins face-off versus Taylor Hall in Panthers zone.
Goals for this period are 3 for Panthers vs 1 for Jets.
Shots for this period are 11 for Panthers vs 8 for Jets.

3rd period


0:01 of 3rd period - Nathan MacKinnon wins face-off versus Taylor Hall in neutral zone.
0:04 of 3rd period - Mats Zuccarello is hit by Erik Gudbranson and loses puck.
0:25 of 3rd period - Victor Olofsson is hit by Marcus Foligno and loses puck.
0:32 of 3rd period - Snap shot by Marcus Foligno.
0:32 of 3rd period - Shot Misses the Net.
0:34 of 3rd period - Snap shot by Travis Zajac.
0:34 of 3rd period - Stopped by Mackenzie Blackwood without a rebound.
0:35 of 3rd period - Travis Zajac wins face-off versus Nathan MacKinnon in Jets zone.
0:44 of 3rd period - Wrist shot by Nikita Gusev.
0:44 of 3rd period - Stopped by Mackenzie Blackwood without a rebound.
0:45 of 3rd period - Travis Zajac wins face-off versus Nathan MacKinnon in Jets zone.
0:50 of 3rd period - Wrist shot by Travis Zajac.
0:50 of 3rd period - Stopped by Mackenzie Blackwood with a rebound.
0:56 of 3rd period - Wrist shot by Marcus Foligno.
0:56 of 3rd period - Stopped by Mackenzie Blackwood without a rebound.
0:57 of 3rd period - Nathan MacKinnon wins face-off versus Taylor Hall in Jets zone.
1:22 of 3rd period - Josh Manson is hit by Matt Moulson and loses puck.
1:27 of 3rd period - Backhand shot by Josh Archibald.
1:27 of 3rd period - Stopped by Mackenzie Blackwood without a rebound.
1:28 of 3rd period - Garnet Hathaway wins face-off versus Colton Sissons in Jets zone.
2:18 of 3rd period - Wrist shot by Colton Sissons.
2:18 of 3rd period - Stopped by Pekka Rinne with a rebound.
2:20 of 3rd period - Slapshot by Jonathan Ericsson.
2:20 of 3rd period - Shot Misses the Net.
2:28 of 3rd period - Garnet Hathaway is hit by Wayne Simmonds and loses puck.
2:49 of 3rd period - Wrist shot by Janne Kuokkanen.
2:49 of 3rd period - Stopped by Pekka Rinne with a rebound.
2:53 of 3rd period - Slapshot by Colton Sissons.
2:53 of 3rd period - Shot Misses the Net.
2:55 of 3rd period - Snap shot by Janne Kuokkanen.
2:55 of 3rd period - Shot Misses the Net.
2:57 of 3rd period - Snap shot by Wayne Simmonds.
2:57 of 3rd period - Shot Misses the Net.
3:03 of 3rd period - Slapshot by Janne Kuokkanen.
3:03 of 3rd period - Deflect By Wayne Simmonds.
3:03 of 3rd period - Shot Misses the Net.
3:03 of 3rd period - Puck is out of play.
3:04 of 3rd period - Taylor Hall wins face-off versus Nathan MacKinnon in Panthers zone.
3:12 of 3rd period - Erik Gudbranson is hit by Tyson Barrie and loses puck.
3:17 of 3rd period - Slapshot by Taylor Hall.
3:17 of 3rd period - Deflect By Vincent Trocheck.
3:17 of 3rd period - Shot Blocked by Erik Gudbranson.
3:17 of 3rd period - Puck is out of play.
3:18 of 3rd period - Taylor Hall wins face-off versus Nathan MacKinnon in Jets zone.
3:30 of 3rd period - Wrist shot by Taylor Hall.
3:30 of 3rd period - Stopped by Mackenzie Blackwood with a rebound.
3:32 of 3rd period - Wrist shot by Taylor Hall.
3:32 of 3rd period - Shot Blocked by Nathan MacKinnon.
3:34 of 3rd period - Slapshot by Tyson Barrie.
3:34 of 3rd period - Shot Misses the Net.
3:52 of 3rd period - Wrist shot by Nikita Gusev.
3:52 of 3rd period - Deflect By Marcus Foligno.
3:52 of 3rd period - Shot Misses the Net.
3:52 of 3rd period - Puck is out of play.
3:53 of 3rd period - Mats Zuccarello wins face-off versus Andreas Athanasiou in Jets zone.
4:55 of 3rd period - Snap shot by Taylor Hall.
4:55 of 3rd period - Stopped by Mackenzie Blackwood without a rebound.
4:56 of 3rd period - Nikita Gusev wins face-off versus Kyle Turris in Jets zone.
5:01 of 3rd period - Snap shot by Tyson Barrie.
5:01 of 3rd period - Shot Blocked by Kyle Turris.
5:21 of 3rd period - Travis Zajac is hit by Janne Kuokkanen and loses puck.
5:30 of 3rd period - Wrist shot by Nikita Gusev.
5:30 of 3rd period - Stopped by Mackenzie Blackwood with a rebound.
6:23 of 3rd period - Snap shot by Jacob de La Rose.
6:23 of 3rd period - Stopped by Mackenzie Blackwood without a rebound.
6:24 of 3rd period - Victor Olofsson wins face-off versus Rocco Grimaldi in Jets zone.
6:49 of 3rd period - Josh Morrissey is hit by Mats Zuccarello and loses puck.
7:24 of 3rd period - Travis Zajac is hit by Wayne Simmonds and loses puck.
7:58 of 3rd period - Troy Brouwer is hit by Taylor Hall and loses puck.
8:29 of 3rd period - Slapshot by Janne Kuokkanen.
8:29 of 3rd period - Shot Misses the Net.
8:49 of 3rd period - Wrist shot by Kyle Turris.
8:49 of 3rd period - Shot Misses the Net.
9:05 of 3rd period - Mats Zuccarello is hit by Josh Manson and loses puck.
9:30 of 3rd period - Rocco Grimaldi is hit by Brett Pesce and loses puck.
9:49 of 3rd period - Travis Zajac is hit by Kyle Turris and loses puck.
9:54 of 3rd period - Snap shot by Victor Olofsson.
9:54 of 3rd period - Shot Blocked by Trevor Daley.
10:49 of 3rd period - Wrist shot by Troy Brouwer.
10:49 of 3rd period - Shot Misses the Net.
10:59 of 3rd period - Josh Morrissey is hit by Matt Moulson and loses puck.
11:56 of 3rd period - Wrist shot by Nathan MacKinnon.
11:56 of 3rd period - Shot Misses the Net.
12:30 of 3rd period - Josh Archibald is hit by Erik Gudbranson.
12:34 of 3rd period - Tyson Barrie is hit by Jonathan Ericsson and loses puck.
12:45 of 3rd period - Garnet Hathaway is hit by James van Riemsdyk and loses puck.
13:27 of 3rd period - Victor Olofsson is hit by Vincent Trocheck and loses puck.
13:32 of 3rd period - Snap shot by Vincent Trocheck.
13:32 of 3rd period - Shot Misses the Net.
13:34 of 3rd period - Slapshot by Trevor Daley.
13:34 of 3rd period - Deflect By Andreas Athanasiou.
13:34 of 3rd period - Stopped by Mackenzie Blackwood without a rebound.
13:35 of 3rd period - Nathan MacKinnon wins face-off versus Taylor Hall in Jets zone.
13:35 of 3rd period - Nathan MacKinnon is hit by Mats Zuccarello.
13:41 of 3rd period - Wrist shot by Filip Chytil.
13:41 of 3rd period - Shot Blocked by Trevor Daley.
14:03 of 3rd period - Off-side.
14:04 of 3rd period - Travis Zajac wins face-off versus Kyle Turris in neutral zone.
14:34 of 3rd period - Slapshot by Tyson Barrie.
14:34 of 3rd period - Shot Misses the Net.
14:36 of 3rd period - Slapshot by Nathan Beaulieu.
14:36 of 3rd period - Stopped by Mackenzie Blackwood with a rebound.
14:38 of 3rd period - Snap shot by Vincent Trocheck.
14:38 of 3rd period - Shot Blocked by Nathan MacKinnon.
14:52 of 3rd period - Josh Morrissey is hit by Josh Archibald and loses puck.
15:09 of 3rd period - Wrist shot by Victor Olofsson.
15:09 of 3rd period - Shot Misses the Net.
15:11 of 3rd period - Slapshot by Josh Morrissey.
15:11 of 3rd period - Deflect By Andreas Athanasiou.
15:11 of 3rd period - Stopped by Pekka Rinne with a rebound.
15:13 of 3rd period - Snap shot by Victor Olofsson.
15:13 of 3rd period - Shot Misses the Net.
15:52 of 3rd period - Snap shot by Nathan MacKinnon.
15:52 of 3rd period - Stopped by Pekka Rinne with a rebound.
16:22 of 3rd period - Snap shot by Victor Olofsson.
16:22 of 3rd period - Shot Blocked by Jamie Oleksiak.
16:34 of 3rd period - Jamie Oleksiak is hit by James van Riemsdyk and loses puck.
16:53 of 3rd period - Kyle Turris is hit by Jamie Oleksiak.
17:15 of 3rd period - Nikita Gusev is hit by Wayne Simmonds and loses puck.
17:26 of 3rd period - Nathan Beaulieu is hit by Victor Olofsson and loses puck.
17:35 of 3rd period - Jonas Siegenthaler is hit by Filip Chytil and loses puck.
17:41 of 3rd period - Icing by Jonas Siegenthaler.
17:42 of 3rd period - Colton Sissons wins face-off versus Travis Zajac in Panthers zone.
18:15 of 3rd period - Snap shot by Nikita Gusev.
18:15 of 3rd period - Shot Misses the Net.
18:25 of 3rd period - Slapshot by Travis Zajac.
18:25 of 3rd period - Stopped by Mackenzie Blackwood without a rebound.
18:26 of 3rd period - Nathan MacKinnon wins face-off versus Taylor Hall in Jets zone.
18:40 of 3rd period - Snap shot by Tyson Barrie.
18:40 of 3rd period - Shot Blocked by James van Riemsdyk.
Goals for this period are 0 for Panthers vs 0 for Jets.
Shots for this period are 12 for Panthers vs 4 for Jets. Output by the SimonT Hockey Simulator (STHS) for Eric Tremblay - Original Page W3C HTML5 Valid
Hockey Simulator - Hockey Simulation - Hockey Manager